 Dungeon Crawl Stone Soup version 0.30-a0-23-ge60ba3568b (webtiles) character file.

Game seed: 12003330232493666606

6540 SensoryNuts the Carver (level 10, -1/86 HPs)
             Began as a Green Draconian Fighter on Aug 25, 2022.
             Was a Believer of Elyvilon.
             Slain by a killer bee (4 damage)
             ... on level 7 of the Dungeon.
             The game lasted 00:15:26 (12738 turns).

SensoryNuts the Carver (Green Draconian Fighter)   Turns: 12738, Time: 00:15:26

Health: -1/86      AC: 10    Str: 22    XL:     10   Next: 70%
Magic:  10/10      EV: 13    Int:  8    God:    Elyvilon [**....]
Gold:   611        SH:  4    Dex:  7    Spells: 9/9 levels left

rFire   . . .      SeeInvis +    u - +2 falchion (venom)
rCold   + . .      Faith    .    b - +0 buckler
rNeg    + + .      Spirit   .    (body armour unavailable)
rPois   +          Reflect  .    c - +0 hat
rElec   .          Harm     .    (no cloak)
rCorr   .          Rampage  .    f - +1 pair of gloves
Will    .....                    m - +0 pair of boots of the Armoured One {rPois rC+ rN++ Dex-3}
Stlth   ++........               (no amulet)
HPRegen 0.24/turn                k - ring of see invisible
MPRegen 0.12/turn                (no ring)

@: no status effects
A: breathe noxious fumes, AC +7, unfitting armour, poison resistance,
cold-blooded, dopey 1
a: Breathe Noxious Fumes, Renounce Religion, Purification, Heal Other


You were on level 7 of the Dungeon.
You worshipped Elyvilon.
Elyvilon was pleased with you.
You visited 2 branches of the dungeon, and saw 9 of its levels.
You also visited: Sewer and Bailey.

You collected 611 gold pieces.

Inventory:

Hand Weapons
 u - a +2 falchion of venom (weapon)
Armour
 b - a +0 buckler (worn)
 c - a +0 hat (worn)
 f - a +1 pair of gloves (worn)
 m - the +0 pair of boots of the Armoured One (worn) {rPois rC+ rN++ Dex-3}
   (You found it in a bailey)

   Dex:       It affects your dexterity (-3).
   rC:        It protects you from cold.
   rPois:     It protects you from poison.
   rN:        It greatly protects you from negative energy.
Jewellery
 e - a ring of fire
 k - a ring of see invisible (left hand)
 q - a ring of positive energy
Wands
 g - a wand of roots (12)
 h - a wand of quicksilver (2)
 o - a wand of mindburst (5)
Scrolls
 d - 3 scrolls of fog
 j - 3 scrolls of identify
 v - 2 scrolls of poison
Potions
 i - 2 potions of mutation
 l - 2 potions of degeneration
Miscellaneous
 a - a box of beasts (inert)


   Skills:
 + Level 7.0 Fighting
 * Level 12.3 Long Blades
 + Level 7.3 Dodging
 + Level 3.3 Stealth
 + Level 5.4 Shields


You had 9 spell levels left.
You didn't know any spells.
Your spell library contained the following spells:

 Spells                   Type           Power      Damage    Failure   Level
 Slow                     Hex            0%         N/A       50%         1
 Confusing Touch          Hex            0%         N/A       86%         3
 Dazzling Flash           Conj/Hex       0%         N/A       86%         3
 Vampiric Draining        Necr           0%         2d6       86%         3
 Agony                    Necr           0%         N/A       100%        5
 Silence                  Hex/Air        0%         N/A       100%        5


Dungeon Overview and Level Annotations

Branches:
Dungeon (8/15)             Temple (1/1) D:5           Sewer (visited)
 Bailey (visited)
   Lair: D:8-11

Altars:
Ashenzari
Cheibriados
Elyvilon
Fedhas
Gozag
Hepliaklqana
Kikubaaqudgha
Makhleb
Nemelex Xobeh
Okawaru
Qazlal
Ru
Sif Muna
Trog
Uskayaw
Vehumet
Wu Jian
Xom
Yredelemnul
Zin
The Shining One

Shops:
D:2 [   D:7 :

Annotations:
D:8 Joseph


Innate Abilities, Weirdness & Mutations

You can breathe blasts of noxious fumes.
Your lurid green scales are hard. (AC +7)
You cannot fit into any form of body armour.
Your system is resistant to poisons. (rPois)
You are cold-blooded and may be slowed by cold attacks.
You are dopey. (Int -2)


Message History

The killer bee barely misses you.
The killer bee attacks as you move away!
The killer bee stings you but does no damage.
The killer bee closely misses you.
You barely miss the killer bee.
Your tail-slap misses the killer bee.
You block the killer bee's attack.
You miss the killer bee. The killer bee stings you.
* * * LOW HITPOINT WARNING * * *
The killer bee misses you.
You hit the killer bee.
The killer bee is lightly wounded.
The killer bee stings you but does no damage.
You hit the killer bee.
The killer bee is poisoned.
Your tail-slap misses the killer bee.
The killer bee is moderately wounded.
The killer bee stings you but does no damage.
You barely miss the killer bee.
Your tail-slap misses the killer bee.
The killer bee is moderately wounded.
The killer bee closely misses you. x2
You miss the killer bee.
The killer bee is heavily wounded.
The killer bee misses you.
You miss the killer bee.
The killer bee is almost dead.
The killer bee closely misses you. You block the killer bee's attack.
You slash the killer bee!
You kill the killer bee!
You barely miss the killer bee. You block the killer bee's attack.
The killer bee stings you but does no damage.
You barely miss the killer bee. You tail-slap the killer bee.
The killer bee is moderately wounded.
The killer bee barely misses you.
You barely miss the killer bee.
The killer bee is moderately wounded.
You block the killer bee's attack. The killer bee stings you.
* * * LOW HITPOINT WARNING * * *
You miss the killer bee. You tail-slap the killer bee.
The killer bee is moderately wounded.
The killer bee stings you.
You die...

#.....#.# #.....#
#####...# #######
##..#######
######.......#
#............#
######............#
...............#'##
........[......#.#
ยง9.y...<...#..##@#
.......##(###..#y###
.......'..# #..#...#
.......##.# #....#.#
.......##.###..>...#
............#....####
######......#.......#
#......#...###.#
#..........###.#


You could see a killer bee.

Vanquished Creatures
  Gastronok (D:8)
  A two-headed ogre (D:6)
  The ghost of Pooter the Chopper, a novice MiFi (D:5)
  A hornet (D:6)
  Prince Ribbit (D:7)
  A wyvern (D:7)
  2 steam dragons (D:7)
  2 water moccasins
  Duvessa (D:7)
  A sky beast (D:7)
  A black bear (D:5)
  2 ice beasts
  3 orc warriors (Bailey)
  An ogre (D:5)
  A phantom (D:4)
  10 kobold brigands
  4 bullfrogs
  A necrophage (D:3)
  8 scorpions
  Dowan (D:7)
  2 killer bees
  A howler monkey (D:7)
  5 orc priests
  5 hounds
  3 iguanas
  5 orc wizards
  Ijyb (D:4)
  Robin (D:4)
  A gnoll (D:4)
  8 adders
  A river rat (Sewer)
  3 white imps
  An ufetubus (D:7)
  6 worms
  2 dart slugs
  29 orcs
  5 bats
  6 endoplasms
  9 giant cockroaches
  21 goblins
  8 hobgoblins
  11 jackals
  8 quokkas
  14 ball pythons
  15 frilled lizards
  38 kobolds
  5 rats
258 creatures vanquished.

Vanquished Creatures (collateral kills)
  A kobold brigand (Bailey)
1 creature vanquished.

Vanquished Creatures (others)
  A kobold (D:5)
1 creature vanquished.

Grand Total: 260 creatures vanquished

Notes
Turn   | Place    | Note
-------+----------+-------------------------------------------
     0 | D:1      | SensoryNuts the Draconian Fighter began the quest for the
                  | Orb.
     0 | D:1      | Reached XP level 1. HP: 19/19 MP: 1/1
   208 | D:1      | Reached XP level 2. HP: 22/26 MP: 2/2
   407 | D:1      | You fall into a shaft and drop 1 floor!
   418 | D:2      | Found Pidghuat's Armour Emporium.
   682 | D:2      | Reached XP level 3. HP: 31/31 MP: 3/3
  1506 | D:1      | Found a faded altar of an unknown god.
  1989 | D:2      | Reached skill level 3 in Long Blades
  2409 | D:3      | Noticed a necrophage
  2419 | D:3      | Reached XP level 4. HP: 37/40 MP: 4/4
  2423 | D:3      | Killed a necrophage
  2497 | D:3      | Reached skill level 4 in Long Blades
  2497 | D:3      | Reached XP level 5. HP: 38/46 MP: 5/5
  2814 | D:3      | Found a glowing golden altar of the Shining One.
  2983 | D:3      | Gained mutation: You are robust. (+10% HP) [potion of
                  | mutation]
  2983 | D:3      | Gained mutation: Your body sometimes deteriorates upon
                  | taking damage. [potion of mutation]
  2983 | D:3      | Gained mutation: Your mind is acute. (Int +4, Str/Dex -1)
                  | [potion of mutation]
  3235 | D:4      | Reached skill level 1 in Stealth
  3678 | D:4      | Noticed Robin
  3697 | D:4      | Reached skill level 5 in Long Blades
  3697 | D:4      | Reached XP level 6. HP: 46/57 MP: 6/6
  3724 | D:4      | Killed Robin
  3935 | D:4      | Noticed Ijyb
  3983 | D:4      | Killed Ijyb
  4601 | D:5      | Entered Level 5 of the Dungeon
  4810 | D:5      | Found a runed translucent gate.
  4810 | D:5      | Found a runed translucent gate.
  4810 | D:5      | Found a runed translucent gate.
  4811 | D:5      | Noticed Pooter's ghost (novice MiFi)
  4859 | D:5      | Reached skill level 6 in Long Blades
  4859 | D:5      | Your scales start taking on a lurid green colour.
  4859 | D:5      | Reached XP level 7. HP: 36/66 MP: 7/7
  4859 | D:5      | Gained mutation: Your system is resistant to poisons.
                  | (rPois) [Green Draconian growth]
  4862 | D:5      | Found a staircase to the Ecumenical Temple.
  5084 | D:5      | Found a glowing drain.
  5143 | Sewer    | Entered a sewer
  5343 | Sewer    | Reached skill level 7 in Long Blades
  5588 | Sewer    | Lost mutation: Your body sometimes deteriorates upon taking
                  | damage. [potion of mutation]
  5588 | Sewer    | Lost mutation: Your mind is acute. (Int +4, Str/Dex -1)
                  | [potion of mutation]
  5588 | Sewer    | Gained mutation: You have a pair of small horns on your
                  | head. [potion of mutation]
  5588 | Sewer    | Gained mutation: You are somewhat resistant to further
                  | mutation. [potion of mutation]
  5792 | Temple   | Entered the Ecumenical Temple
  5933 | Temple   | Became a worshipper of Elyvilon the Healer
  6225 | D:5      | Found a bloodstained altar of Trog.
  6392 | D:5      | Reached XP level 8. HP: 66/73 MP: 8/8
  7034 | D:5      | Reached skill level 5 in Fighting
  7034 | D:5      | Reached skill level 8 in Long Blades
  7442 | D:5      | Killed Pooter's ghost
  7443 | D:5      | Reached skill level 9 in Long Blades
  7661 | D:6      | Reached XP level 9. HP: 72/82 MP: 9/9
  7845 | D:6      | Reached * piety under Elyvilon
  7847 | D:6      | Reached skill level 5 in Dodging
  7967 | D:6      | Lost mutation: You are somewhat resistant to further
                  | mutation. [potion of mutation]
  7967 | D:6      | Lost mutation: You are robust. (+10% HP) [potion of
                  | mutation]
  7967 | D:6      | Lost mutation: You have a pair of small horns on your head.
                  | [potion of mutation]
  7967 | D:6      | Gained mutation: You are dopey. (Int -2) [potion of
                  | mutation]
  7967 | D:6      | Lost mutation: You are dopey. (Int -2) [potion of mutation]
  7967 | D:6      | Gained mutation: You are dopey. (Int -2) [potion of
                  | mutation]
  8048 | D:6      | Found a glowing silver altar of Zin.
  8368 | D:7      | Found Gaostil's Book Shoppe.
  8369 | D:7      | Noticed a two-headed ogre
  8375 | D:7      | Found a flagged portal.
  8394 | D:6      | Killed a two-headed ogre
  8395 | D:6      | Reached skill level 10 in Long Blades
  8947 | Bailey   | Entered a bailey
  9414 | Bailey   | Reached XP level 10. HP: 39/84 MP: 10/10
  9423 | Bailey   | Reached skill level 11 in Long Blades
  9700 | Bailey   | Found a burning altar of Makhleb.
  9708 | Bailey   | Identified the +0 pair of boots of the Armoured One {rPois
                  | rC+ rN++ Dex-3}
  9954 | D:7      | Reached ** piety under Elyvilon
 10338 | D:7      | Reached skill level 5 in Shields
 10738 | D:7      | Noticed a gargoyle
 10738 | D:7      | Noticed Duvessa
 10738 | D:7      | Noticed Dowan
 11223 | D:7      | Noticed Prince Ribbit
 11275 | D:7      | Killed Prince Ribbit
 11642 | D:7      | Killed Duvessa
 11654 | D:7      | Killed Dowan
 12627 | D:8      | Noticed Gastronok
 12646 | D:8      | Killed Gastronok
 12647 | D:8      | Reached skill level 12 in Long Blades
 12704 | D:8      | Noticed Joseph
 12737 | D:7      | HP: 2/86 [killer bee (5)]
 12738 | D:7      | Slain by a killer bee

Illustrated notes

Levels and vault maps discovered:
D:1:      scummos_arrival_star, layout_loops_corners,
          chequers_ecumenical_altar_twisty, minmay_lizard_pond
D:2:      layout_loops_cross, serial_shops, shop, minmay_tall_x
D:3:      layout_loops_ring, lemuel_crystal_altar
D:4:      layout_loops_ring, kennysheep_generic_room_3, uniq_robin, uniq_ijyb
D:5:      kennysheep_spiral_hall, layout_loops_ring, trog_hazing_becter,
          minmay_temple_entry_nine_rooms, gup_sewer_entry_pipe,
          gammafunk_ghost_nasty_kobolds
D:6:      layout_cave_pools, zin_treasury
D:7:      minmay_bubble_buster, layout_basic, enter_bailey_5, serial_shops,
          shop, uniq_duvessa, uniq_prince_ribbit1
D:8:      layout_gridville, enter_ossuary_4, uniq_maggie, uniq_joseph,
          uniq_gastronok, uniq_psyche, uniq_maurice
Temple:   nicolae_temple_two_arcs

Skill      XL: |  1  2  3  4  5  6  7  8  9 10 |
---------------+-------------------------------+-----
Dodging        | 3 4 6 7 |  7.3
Long Blades    | 3 4 5 6 7 9 10 12 | 12.3
Fighting       | 4 5 6 7 |  7.0
Stealth        | 1 2 3 |  3.3
Shields        | 4 5 |  5.4

Action                   |  1- 3 |  4- 6 |  7- 9 | 10-12 || total
-------------------------+-------+-------+-------+-------++-------
Melee: Long sword        |   152 |   224 |   201 |       ||   577
       Tailslap          |    18 |    26 |    74 |    58 ||   176
       Falchion          |       |       |   392 |   334 ||   726
       Headbutt          |       |       |    45 |       ||    45
 Abil: Breathe Noxious F |       |       |     2 |     4 ||     6
Evoke: Box of beasts     |       |       |     1 |       ||     1
  Use: Potion            |     4 |     6 |     9 |       ||    19
       Scroll            |     3 |     5 |     7 |     7 ||    22
 Stab: Distracted        |     1 |       |       |       ||     1
       Sleeping          |     1 |     1 |     1 |     2 ||     5
       Confused          |       |       |       |     1 ||     1
Armor: Skin              |    56 |   113 |   281 |   162 ||   612
Dodge: Dodged            |   108 |   152 |   450 |   195 ||   905
Block: Buckler           |    26 |    42 |   147 |    82 ||   297

Table legend: (Time is in decaauts)
 A = Elapsed time spent in this place.
 B = Non-inter-level travel time spent in this place.
 C = Inter-level travel time spent in this place.
 D = Time resting spent in this place.
 E = Time spent auto-exploring this place.
 F = Levels seen in this place.
 G = Mean time per level.
                   A        B        C        D        E       F      G
               +--------+--------+--------+--------+--------+-----+--------+
         Total |  12828 |  12160 |    668 |   1707 |   7899 |  11 | 1166.2 |
       Dungeon |  11350 |  10682 |    668 |   1429 |   7108 |   8 | 1418.8 |
        Temple |    151 |    151 |      0 |      0 |    104 |   1 |  151.0 |
         Sewer |    529 |    529 |      0 |      0 |    351 |   1 |  529.0 |
        Bailey |    796 |    796 |      0 |    278 |    335 |   1 |  796.0 |
               +--------+--------+--------+--------+--------+-----+--------+

Top non-repeatable levels by time:
     D:5: 2377 daAuts
     D:6: 2260 daAuts
     D:4: 1860 daAuts
     D:1: 1523 daAuts
     D:7: 1463 daAuts
     D:3: 1002 daAuts
  Bailey: 796 daAuts
     D:2: 713 daAuts
   Sewer: 529 daAuts
  Temple: 151 daAuts
     D:8: 149 daAuts
